 Dungeon Crawl Stone Soup version 0.29-a0-319-gad05b8d819 (webtiles) character file.

Game seed: 10656457690057807019

133 kae the Firebug (level 5, 0/29 HPs)
             Began as a Tengu Fire Elementalist on Apr 1, 2022.
             Slain by a gnoll
             ... wielding a +0 halberd
              (12 damage)
             ... on level 3 of the Dungeon.
             The game lasted 00:01:36 (2759 turns).

kae the Firebug (Tengu Fire Elementalist)           Turns: 2759, Time: 00:01:37

Health: 0/29       AC:  2    Str: 15    XL:     5   Next: 16%
Magic:  6/9        EV: 15    Int: 17    God:
Gold:   224        SH:  0    Dex: 14    Spells: 3/9 levels left

rFire   . . .      SeeInvis .   i - +2 short sword (protect)
rCold   . . .      Faith    .   (no shield)
rNeg    . . .      Spirit   .   a - +0 robe
rPois   .          Reflect  .   (helmet restricted)
rElec   .          Harm     .   (no cloak)
rCorr   .          Rampage  .   (no gloves)
Will    .....                   (boots unavailable)
Stlth   ++........              (no amulet)
HPRegen 0.09/turn               c - +6 ring of strength
MPRegen 0.11/turn               (no ring)

@: flying quickly and evasively, quick
A: beak, talons 3, nimble flight
a: no special abilities


You were on level 3 of the Dungeon.
You visited 1 branch of the dungeon, and saw 3 of its levels.

You collected 224 gold pieces.

Inventory:

Hand Weapons
 d - a +0 short sword
 i - a +2 short sword of protection (weapon)
 j - a +4 dagger
Armour
 a - a +0 robe (worn)
Jewellery
 c - a +6 ring of strength (left hand)
 m - an amulet of reflection
Wands
 g - a wand of flame (9)
Scrolls
 e - a scroll of fog
 n - a scroll of blinking {unknown}
Potions
 b - a potion of magic
 f - 2 potions of attraction
 h - a potion of heal wounds {unknown}
 k - a potion of curing
 l - a potion of brilliance {unknown}


   Skills:
 + Level 1.3 Fighting
 + Level 1.3 Armour
 + Level 3.0 Dodging
 - Level 2.0 Stealth
 + Level 2.6 Spellcasting
 + Level 2.4 Conjurations
 * Level 4.4 Fire Magic


You had 3 spell levels left.
You knew the following spells:

 Your Spells              Type           Power      Damage    Failure   Level
a - Foxfire               Conj/Fire      56%        2x1d6     4%          1
b - Scorch                Fire           34%        2d7       4%          2
c - Conjure Flame         Conj/Fire      14%        6-21      13%         3

Your spell library contained the following spells:

 Spells                   Type           Power      Damage    Failure   Level
 Animate Skeleton         Necr           4%         N/A       19%         1
 Pain                     Necr           8%         1d4       19%         1
 Inner Flame              Hex/Fire       9%         N/A       22%         3
 Vampiric Draining        Necr           2%         2d6       50%         3
 Flame Wave               Conj/Fire      14%        2d6       41%         4
 Summon Forest            Summ/Tloc      1%         N/A       99%         5
 Eringya's Noxious Bog    Tmut/Pois      1%         N/A       100%        6
 Summon Hydra             Summ           1%         N/A       100%        7


Dungeon Overview and Level Annotations

Branches:
Dungeon (3/15)

Altars:
Qazlal


Innate Abilities, Weirdness & Mutations

You have a beak for a mouth.
You have claws for feet.
Your magical nature lets you fly swiftly and evasively.


Message History

The adder barely misses you.
The foxfire hits the adder.
The adder is moderately wounded.
The foxfire hits the adder.
The adder is almost dead.
The adder misses you.
You barely miss the adder. You claw the adder, but do no damage.
Your peck misses the adder.
The adder is almost dead.
The adder closely misses you.
You hit the adder but do no damage.
Your weapon exudes an aura of protection.
Your kick misses the adder. Your peck misses the adder.
The adder is almost dead.
The adder closely misses you. The adder barely misses you.
An adder is nearby!
You puncture the adder!
You kill the adder!
No target in view!
You see here an adder corpse.
The gnoll shouts!
A gnoll is nearby!
A gnoll is nearby!
Casting: Foxfire (safe; 4% risk of failure)
Confirm with . or Enter, or press ? or * to list all spells.
You conjure some foxfire!
The gnoll hits you from afar with a +0 halberd!
The foxfire hits the gnoll.
The gnoll is lightly wounded.
The foxfire hits the gnoll.
The gnoll is moderately wounded.
The gnoll barely misses you.
Casting: Foxfire (safe; 4% risk of failure)
Confirm with . or Enter, or press ? or * to list all spells.
Flames lash the gnoll.
The gnoll is almost dead.
The gnoll's fire resistance burns away.
The gnoll hits you from afar with a +0 halberd.
The gnoll hits you from afar with a +0 halberd!
You die...

......##.####.## #..#####....#
....#.##.# #..### #).# ####..
.........#####.g.# ##..# ##.
....####.....###.# #...# ##
......###....###.###...##
.###...........).....(..# ##
##..####.....##......##### #
##.######...............# #
#[...# #..#@...........#
#######.# #..##...........#
#......)###..##g.......#.##
#...).....#..##.#..##..#.#### #
#......##......g#..###......# #
#......##..........# #..###.###
######.####.>..###.#.###........#
.# #........##...#...#....)....
)######.#...#..#.#..##.#........#


You could see 2 gnolls.

Vanquished Creatures
  Jessica (D:2)
  3 adders
  2 gnolls (D:3)
  A dart slug (D:2)
  9 orcs
  4 ball pythons
  2 endoplasms
  A giant cockroach (D:1)
  6 goblins
  3 hobgoblins (D:1)
  2 jackals (D:1)
  A quokka (D:1)
  2 bats (D:3)
  5 frilled lizards
  6 kobolds
  8 rats
56 creatures vanquished.

Vanquished Creatures (others)
  199 foxfires
  3 toadstools (D:3)
202 creatures vanquished.

Grand Total: 258 creatures vanquished

Notes
Turn   | Place    | Note
-------+----------+-------------------------------------------
     0 | D:1      | kae the Tengu Fire Elementalist began the quest for the
                  | Orb.
     0 | D:1      | Reached XP level 1. HP: 10/10 MP: 4/4
   150 | D:1      | Reached XP level 2. HP: 16/16 MP: 4/6
   852 | D:1      | Found a faded altar of an unknown god.
   980 | D:2      | Reached XP level 3. HP: 20/20 MP: 5/7
   983 | D:2      | Learned a level 2 spell: Scorch
   987 | D:2      | Learned a level 3 spell: Conjure Flame
  1385 | D:2      | Reached skill level 4 in Fire Magic
  1493 | D:2      | HP: 1/20 [adder (2)]
  1502 | D:2      | Reached XP level 4. HP: 8/24 MP: 3/8
  1746 | D:2      | Noticed Jessica
  1752 | D:2      | Killed Jessica
  1753 | D:2      | Reached skill level 1 in Fighting
  1753 | D:2      | Reached skill level 1 in Armour
  2415 | D:3      | Gained mutation: Your magical nature lets you fly swiftly
                  | and evasively. [Tengu growth]
  2415 | D:3      | Reached XP level 5. HP: 21/29 MP: 7/9
  2552 | D:3      | Found a stormy altar of Qazlal.
  2759 | D:3      | Slain by a gnoll

Illustrated notes

Levels and vault maps discovered:
D:1:      dpeg_arrival_court, layout_rooms, shapermc_ecumenical_altar_hornbeckon
D:2:      layout_rooms, serial_curves, eino_curves_01, eino_curves_03,
          uniq_jessica
D:3:      layout_rooms, nicolae_overflow_crystal_walls, minmay_gold_behind_fungi

Skill      XL: |  1  2  3  4 |
---------------+-------------+-----
Conjurations   | 2 |  2.4
Fire Magic     | 4 |  4.4
Fighting       | 1 |  1.3
Armour         | 1 |  1.3
Dodging        | 3 |  3.0
Stealth        | |  2.0
Spellcasting   | |  2.6

Action                   |  1- 3 |  4- 6 || total
-------------------------+-------+-------++-------
Melee: Short sword       |     2 |     4 ||     6
       Kick              |       |     2 ||     2
 Cast: Foxfire           |    62 |    47 ||   109
       Scorch            |       |     1 ||     1
  Use: Scroll            |     3 |     1 ||     4
       Potion            |     2 |     1 ||     3
 Stab: Sleeping          |     1 |       ||     1
Armor: Robe              |     3 |       ||     3
Dodge: Dodged            |    10 |    23 ||    33

Table legend: (Time is in decaauts)
 A = Elapsed time spent in this place.
 B = Non-inter-level travel time spent in this place.
 C = Inter-level travel time spent in this place.
 D = Time resting spent in this place.
 E = Time spent auto-exploring this place.
 F = Levels seen in this place.
 G = Mean time per level.
                   A        B        C        D        E       F      G
               +--------+--------+--------+--------+--------+-----+--------+
         Total |   2741 |   2700 |     41 |      0 |   2268 |   3 |  913.7 |
       Dungeon |   2741 |   2700 |     41 |      0 |   2268 |   3 |  913.7 |
               +--------+--------+--------+--------+--------+-----+--------+

Top non-repeatable levels by time:
     D:1: 930 daAuts
     D:3: 922 daAuts
     D:2: 889 daAuts
